 Dungeon Crawl Stone Soup version 0.20.1-1-g8b1a95d (webtiles) character file.

62 gungr the Insei (level 4, -2/28 HPs)
             Began as an Octopode Transmuter on Nov 3, 2017.
             Slain by Sigmund
             ... wielding a +0 scythe
              (15 damage)
             ... on level 2 of the Dungeon.
             The game lasted 00:05:25 (2057 turns).

gungr the Insei (Octopode Transmuter)               Turns: 2057, Time: 00:05:25

Health: -2/28      AC:  1    Str:  9    XL:     4   Next: 8%
Magic:  7/7        EV: 13    Int: 16    God:
Gold:   93         SH:  0    Dex: 12    Spells: 6/7 levels left

rFire    . . .     SeeInvis .     - Unarmed
rCold    . . .     Gourm    .   (no shield)
rNeg     . . .     Faith    .   (helmet restricted)
rPois    .         Spirit   .   (no amulet)
rElec    .         Reflect  .   (no ring)
rCorr    .         Harm     .   (no ring)
MR       .....                  (no ring)
Stlth    ++........             (no ring)
Regen    0.1/turn               (no ring)
MPRegen  0.1/turn               (no ring)
                                (no ring)
                                (no ring)

@: confused
A: almost no armour, stealthy swim, amphibious, 8 rings, constrict 8, camouflage
1, gelatinous body 1
a: no special abilities


You were on level 2 of the Dungeon.
You were not hungry.

You visited 1 branch of the dungeon, and saw 2 of its levels.

You collected 93 gold pieces.

Inventory:

Missiles
 a - 12 arrows
Scrolls
 c - 2 scrolls of blinking {unknown}
 d - a scroll of identify {unknown}
 h - a scroll of teleportation {unknown}
 i - a scroll of enchant weapon {unknown}
 l - a scroll of fog {unknown}
Potions
 j - a potion of curing {unknown}
 k - a potion of resistance {unknown}
Books
 b - a book of Changes

   Spells                             Type                      Level
   a - Beastly Appendage              Transmutation                1
   b - Sticks to Snakes               Transmutation                2
   c - Spider Form                    Transmutation/Poison         3
   d - Ice Form                       Ice/Transmutation            4
   e - Blade Hands                    Transmutation                5
Comestibles
 f - a meat ration
 g - a royal jelly
 m - a bread ration


   Skills:
 - Level 1.0 Fighting
 - Level 2.0 Dodging
 - Level 1.1 Stealth
 + Level 4.3 Unarmed Combat
 - Level 2.2 Spellcasting
 - Level 2.3 Transmutations


You had 6 spell levels left.
You knew the following spells:

 Your Spells              Type           Power        Failure   Level  Hunger
a - Beastly Appendage     Tmut           #.....       8%          1    #......


Dungeon Overview and Level Annotations

Branches:
Dungeon (2/15)

Altars:
Ashenzari

Annotations:
D:2 Sigmund


Innate Abilities, Weirdness & Mutations

You cannot wear most types of armour.
You are very stealthy in the water. (Stealth+)
You are amphibious.
You can wear up to eight rings at the same time.
You can use your tentacles to constrict eight enemies at once.
Your skin changes colour to match your surroundings (Stealth+).
Your rubbery body absorbs attacks. (AC +1, EV +1)


Message History

You tentacle-slap the kobold.
You kill the kobold!
Sigmund the Dreaded comes into view.
He is wielding a scythe.
You see here a club.
Sigmund is nearby!
Found a scroll labeled JILEMPU FYAJO.
There is a stone staircase leading up here.
You see here a stone.
Sigmund shouts!
Sigmund gestures at you while chanting.
You are confused.
You bump into the rock wall.
You're too confused to cast spells.
Sigmund breathes a few words.
Sigmund's hands start flickering wildly.
Sigmund casts a spell at you. The magic dart hits you!
Sigmund hits you with a scythe!
Ouch! That really hurt!
You die...

........#.####.........
......#................
........).###..........
.....#..## #.......###
.....#..####.......##
####.#..[.##........##
#.##)#.##..........
#@##.#.†...(.....##
#.@..#.............
#....#.###......#..
#.#.(...##.#.#.....
#..................
##..######.....#..#
#.(....##...###.##
####...###....#.#.
#...# #..#.#... #...#
##.#.#.#.


You could see Sigmund.

Vanquished Creatures
  2 adders (D:2)
  A worm (D:2)
  2 dart slugs (D:1)
  A leopard gecko (D:1)
  3 bats
  A giant cockroach (D:1)
  2 hobgoblins (D:1)
  3 jackals (D:1)
  8 kobolds
  3 frilled lizards
  4 goblins
  7 rats
37 creatures vanquished.

Notes
Turn   | Place    | Note
-------+----------+-------------------------------------------
     0 | D:1      | gungr the Octopode Transmuter began the quest for the Orb.
     0 | D:1      | Reached XP level 1. HP: 13/13 MP: 3/3
   331 | D:1      | Reached XP level 2. HP: 7/18 MP: 5/5
  1001 | D:1      | Reached XP level 3. HP: 23/23 MP: 6/6
  1583 | D:2      | Found a shattered altar of Ashenzari.
  1616 | D:2      | Reached skill level 1 in Stealth
  1793 | D:2      | Reached skill level 4 in Unarmed Combat
  1813 | D:2      | Reached XP level 4. HP: 4/28 MP: 7/7
  1981 | D:2      | Noticed Sigmund
  2057 | D:2      | Slain by Sigmund

Skill      XL: |  1  2  3 |
---------------+----------+-----
Stealth        | 1 |  1.1
Unarmed Combat | 4 |  4.3
Fighting       | |  1.0
Dodging        | |  2.0
Spellcasting   | |  2.2
Transmutations | |  2.3

Action                   |  1- 3 |  4- 6 || total
-------------------------+-------+-------++-------
Melee: Unarmed           |    79 |     9 ||    88
       Constrict         |    21 |     3 ||    24
       Tentacles         |     7 |     2 ||     9
       Punch             |     1 |       ||     1
  Use: Potion            |       |     1 ||     1
 Stab: Sleeping          |     6 |       ||     6
  Eat: Bread ration      |     1 |       ||     1
       Chunk             |     1 |       ||     1
Armor: Skin              |     8 |     1 ||     9
Dodge: Dodged            |    40 |     7 ||    47
